General information
- name: BNet
- type: Ladder 1vs1/FFA
- host: Battle.net
- saver: BEAR_AND
map: TheTwoRivers
- players: 2
- length: 35:04
- speed: Fast
- version: 1.27 W3XP
- replay type:

» download(111 KB)
Players
team 1 (winner)
BEAR_AND (
red | 116 APM | 4067 actions | 35:04)
3 Archmage
2 Summon Water Elemental
1 Brilliance Aura
2 Mountain King
1 Storm Bolt
1 Bash
2 Paladin
1 Holy Light
1 Divine Shield
» actions
| Assign group hotkey | 66 | |
| Basic commands | 8 | |
| Build / train | 207 | |
| Enter build submenu | 54 | |
| Enter hero's abilities submenu | 7 | |
| Give item / drop item | 8 | |
| Right click | 2348 | |
| Select / deselect | 676 | |
| Select group hotkey | 364 | |
| Use ability | 329 | |
4067 total
» units
| Peasant | 22 | |
| Dragonhawk Rider | 9 | |
| Priest | 1 | |
32 total
» upgrades
| Masonry | 3 | |
| Lumber Harvesting | 2 | |
| Magic Sentry | 1 | |
| Animal War Training | 1 | |
| Swords | 3 | |
| Armor | 3 | |
| Backpack | 1 | |
14 total
» buildings
| Altar of Kings | 1 | |
| Farm | 5 | |
| Lumber Mill | 1 | |
| Arcane Vault | 1 | |
| Scout Tower | 121 | |
| Arcane Tower | 4 | |
| Guard Tower | 115 | |
| Keep | 1 | |
| Gryphon Aviary | 2 | |
| Town Hall | 2 | |
| Castle | 1 | |
| Arcane Sanctum | 1 | |
| Barracks | 1 | |
| Blacksmith | 1 | |
257 total
» build order
00:11 Altar of Kings
00:18 Farm
00:31 Farm
00:34 Lumber Mill
00:45 Arcane Vault
01:16 Scout Tower
01:32 Scout Tower
02:01 Scout Tower
02:03 Arcane Tower
02:26 Scout Tower
02:27 Scout Tower
02:27 Scout Tower
02:28 Scout Tower
02:29 Scout Tower
02:45 Guard Tower
02:45 Guard Tower
03:04 Guard Tower
03:25 Keep
03:36 Guard Tower
04:17 Guard Tower
04:18 Guard Tower
06:37 Scout Tower
06:37 Scout Tower
06:38 Scout Tower
06:40 Gryphon Aviary
07:12 Farm
07:30 Town Hall
07:35 Scout Tower
07:36 Scout Tower
07:37 Scout Tower
07:37 Scout Tower
07:38 Scout Tower
07:38 Scout Tower
07:39 Scout Tower
07:40 Scout Tower
07:40 Scout Tower
08:05 Guard Tower
08:05 Guard Tower
08:06 Guard Tower
08:07 Guard Tower
08:07 Guard Tower
08:09 Guard Tower
08:10 Guard Tower
08:10 Guard Tower
08:30 Guard Tower
08:35 Guard Tower
08:35 Guard Tower
08:38 Guard Tower
08:45 Arcane Tower
09:37 Scout Tower
09:39 Scout Tower
09:39 Scout Tower
09:39 Scout Tower
10:16 Castle
10:28 Arcane Sanctum
10:52 Guard Tower
11:00 Guard Tower
11:00 Guard Tower
11:00 Guard Tower
11:00 Guard Tower
11:07 Guard Tower
11:58 Guard Tower
11:58 Guard Tower
12:00 Farm
12:51 Scout Tower
12:52 Scout Tower
12:52 Scout Tower
12:53 Scout Tower
12:54 Scout Tower
12:54 Scout Tower
12:55 Scout Tower
12:56 Scout Tower
12:59 Scout Tower
12:59 Scout Tower
13:00 Scout Tower
13:04 Scout Tower
13:04 Scout Tower
13:05 Scout Tower
13:05 Scout Tower
13:12 Barracks
13:14 Blacksmith
13:17 Farm
13:33 Guard Tower
13:35 Guard Tower
14:39 Guard Tower
14:46 Scout Tower
14:46 Scout Tower
14:47 Scout Tower
14:47 Scout Tower
15:15 Guard Tower
15:43 Guard Tower
16:07 Guard Tower
16:23 Scout Tower
16:24 Scout Tower
16:24 Scout Tower
16:25 Scout Tower
16:37 Guard Tower
16:37 Guard Tower
16:41 Guard Tower
16:58 Guard Tower
16:58 Guard Tower
17:37 Guard Tower
17:51 Guard Tower
18:22 Scout Tower
18:23 Scout Tower
18:23 Scout Tower
18:24 Scout Tower
18:25 Scout Tower
18:25 Scout Tower
18:26 Scout Tower
18:26 Scout Tower
18:37 Guard Tower
18:38 Guard Tower
19:24 Scout Tower
19:25 Scout Tower
19:27 Scout Tower
19:27 Scout Tower
20:36 Guard Tower
20:36 Arcane Tower
20:44 Guard Tower
20:55 Scout Tower
20:56 Scout Tower
20:56 Scout Tower
20:57 Scout Tower
20:58 Scout Tower
20:58 Scout Tower
20:59 Scout Tower
20:59 Scout Tower
21:38 Guard Tower
21:38 Guard Tower
21:38 Guard Tower
21:53 Guard Tower
21:54 Guard Tower
21:54 Guard Tower
21:59 Scout Tower
22:00 Scout Tower
22:00 Scout Tower
22:01 Scout Tower
22:09 Guard Tower
22:26 Guard Tower
22:26 Guard Tower
22:53 Guard Tower
22:55 Arcane Tower
23:23 Guard Tower
23:24 Guard Tower
23:28 Scout Tower
23:28 Scout Tower
23:32 Scout Tower
23:32 Scout Tower
23:33 Scout Tower
23:34 Scout Tower
24:17 Guard Tower
24:42 Guard Tower
24:44 Guard Tower
24:44 Guard Tower
24:44 Guard Tower
24:52 Town Hall
24:58 Scout Tower
24:58 Scout Tower
24:59 Scout Tower
24:59 Scout Tower
25:24 Scout Tower
25:25 Scout Tower
25:25 Scout Tower
25:26 Scout Tower
25:26 Scout Tower
25:27 Scout Tower
25:50 Guard Tower
25:59 Guard Tower
25:59 Guard Tower
26:09 Guard Tower
26:09 Guard Tower
26:26 Guard Tower
26:30 Scout Tower
26:30 Scout Tower
26:31 Scout Tower
26:31 Scout Tower
26:34 Scout Tower
26:34 Scout Tower
26:35 Scout Tower
26:35 Scout Tower
26:36 Scout Tower
26:37 Scout Tower
26:38 Scout Tower
26:38 Scout Tower
26:54 Guard Tower
26:54 Guard Tower
27:02 Guard Tower
27:04 Guard Tower
27:05 Guard Tower
27:33 Guard Tower
27:36 Guard Tower
27:47 Scout Tower
27:48 Scout Tower
27:49 Scout Tower
27:49 Scout Tower
27:49 Scout Tower
27:51 Scout Tower
27:52 Scout Tower
27:53 Scout Tower
27:53 Scout Tower
27:54 Scout Tower
27:54 Scout Tower
28:12 Guard Tower
28:15 Guard Tower
28:28 Guard Tower
28:28 Guard Tower
28:47 Guard Tower
29:01 Guard Tower
29:02 Guard Tower
29:21 Guard Tower
29:23 Guard Tower
29:35 Guard Tower
30:01 Guard Tower
30:04 Guard Tower
30:30 Guard Tower
30:35 Guard Tower
30:38 Scout Tower
30:39 Scout Tower
30:40 Scout Tower
30:40 Scout Tower
30:41 Scout Tower
30:42 Scout Tower
30:45 Guard Tower
31:20 Guard Tower
31:41 Guard Tower
31:41 Guard Tower
31:56 Guard Tower
31:56 Guard Tower
32:00 Guard Tower
32:23 Guard Tower
32:24 Guard Tower
32:29 Scout Tower
32:30 Scout Tower
32:31 Scout Tower
32:32 Scout Tower
32:32 Scout Tower
32:53 Guard Tower
33:19 Guard Tower
33:40 Gryphon Aviary
34:51 Guard Tower
» items
| Lesser Clarity Potion | 2 | |
| Staff of Sanctuary | 4 | |
| Orb of Fire | 2 | |
| Boots of Speed | 3 | |
| Staff of Teleportation | 3 | |
| Mechanical Critter | 2 | |
16 total
team 2 (loser)
Donveetz (
pink | 43 APM | 1523 actions | 35:02)
5 Mountain King
3 Storm Bolt
2 Bash
2 Paladin
1 Holy Light
1 Divine Shield
» actions
| Assign group hotkey | 238 | |
| Basic commands | 24 | |
| Build / train | 95 | |
| Enter build submenu | 20 | |
| Enter hero's abilities submenu | 7 | |
| Give item / drop item | 2 | |
| Right click | 379 | |
| Select / deselect | 276 | |
| Select group hotkey | 387 | |
| Use ability | 95 | |
1523 total
» units
| Peasant | 18 | |
| Footman | 10 | |
| Rifleman | 8 | |
| Dragonhawk Rider | 12 | |
| Knight | 4 | |
| Siege Engine | 4 | |
56 total
» upgrades
| Gunpowder | 3 | |
| Armor | 3 | |
| Cloud | 1 | |
| Lumber Harvesting | 2 | |
| Barrage | 1 | |
| Animal War Training | 1 | |
| Swords | 2 | |
| Plating | 2 | |
| Masonry | 2 | |
| Long Rifles | 1 | |
18 total
» buildings
| Altar of Kings | 1 | |
| Farm | 15 | |
| Barracks | 1 | |
| Arcane Vault | 1 | |
| Lumber Mill | 2 | |
| Blacksmith | 1 | |
| Keep | 1 | |
| Town Hall | 2 | |
| Scout Tower | 8 | |
| Gryphon Aviary | 3 | |
| Castle | 1 | |
| Guard Tower | 6 | |
| Workshop | 2 | |
44 total
» build order
00:07 Altar of Kings
00:13 Farm
00:14 Farm
00:21 Farm
00:22 Farm
00:36 Barracks
01:52 Farm
01:54 Farm
01:55 Farm
03:01 Arcane Vault
03:10 Lumber Mill
03:14 Lumber Mill
04:02 Blacksmith
05:37 Farm
05:38 Farm
05:39 Farm
05:39 Farm
06:36 Keep
08:31 Town Hall
08:34 Scout Tower
08:35 Scout Tower
08:36 Scout Tower
08:37 Scout Tower
09:29 Gryphon Aviary
09:32 Gryphon Aviary
09:36 Gryphon Aviary
09:52 Castle
11:09 Guard Tower
12:39 Guard Tower
15:17 Workshop
15:20 Workshop
16:07 Farm
16:08 Farm
16:08 Farm
16:09 Farm
16:40 Town Hall
16:42 Scout Tower
16:43 Scout Tower
16:44 Scout Tower
16:44 Scout Tower
17:23 Guard Tower
17:35 Guard Tower
19:33 Guard Tower
21:33 Guard Tower
» items
| Scroll of Regeneration | 3 | |
| Lesser Clarity Potion | 1 | |
4 total
Chat log
(21:26 / All) BEAR_AND: LOL
(29:06 / All) BEAR_AND: are u daft
(29:22 / All) Donveetz: wtf is daft
(29:32 / All) BEAR_AND: are u having a laugh mate?
(29:51 / All) Donveetz: lol
(29:57 / All) Donveetz: never seen so many towers.
(34:24 / All) BEAR_AND: lol ok
(34:57 / All) Donveetz: im too lazy to finish this.
(35:00 / All) Donveetz: gg turtle.